[Event "Late-Titled-Tuesday-Blitz-May-14-2024"]
[Site "Chess.com"]
[Date "2024.05.14"]
[Round "11"]
[White "emeli_chess"]
[Black "Felix-Rose"]
[Result "1-0"]
[WhiteElo "2415"]
[BlackElo "2317"]
[TimeControl "180+1"]
[EndTime "16:04:25 PDT"]
[Termination "emeli_chess won on time"]

1. d4 d5 2. c4 e6 3. Nc3 Nf6 4. cxd5 exd5 5. Bg5 c6 6. Qc2 Be7 7. e3 Nbd7 8. Bd3 h6 9. Bh4 Nh5 10. Bxe7 Qxe7 11. Nge2 Nb6 12. O-O O-O 13. Rae1 Bd7 14. Nc1 Rae8 15. Nb3 Nc8 16. Nc5 Nd6 17. Nxd7 Qxd7 18.
Na4 f5 19. Nc5 Qc8 20. Qe2 Nf6 21. f3 Re7 22. Qf2 Rfe8 23. Re2 b6 24. Nb3 c5 25.
Bb1 c4 26. Nd2 b5 27. a3 a5 28. Rfe1 b4 29. a4 Qc6 30. b3 cxb3 31. Nxb3 Qxa4 32. Nc5 Qb5 33. Bc2 Rb8 34. Ba4 Qb6 35. Qg3 Nb5 36.
Rb2 Nc3 37. Bb3 Rbe8 38. e4 fxe4 39. fxe4 Nfxe4 40. Nxe4 Rxe4 41. Rxe4 Rxe4 42. Qxc3 Rxd4 43. Qc8+ Kh7 44. Qf5+ Kg8 45. Kh1 Qc5 46. Rf2 a4 47. Bc2 1-0

[Event "Late-Titled-Tuesday-Blitz-May-14-2024"]
[Site "Chess.com"]
[Date "2024.05.14"]
[Round "11"]
[White "DishonorOnYourCow"]
[Black "Sanyura"]
[Result "1-0"]
[WhiteElo "2564"]
[BlackElo "2647"]
[TimeControl "180+1"]
[EndTime "16:04:28 PDT"]
[Termination "DishonorOnYourCow won on time"]

1. d4 Nf6 2. c4 g6 3. Nc3 Bg7 4.
e4 d6 5. f4 O-O 6. Nf3 c5 7.
d5 e6 8. dxe6 Bxe6 9. Bd3 Nc6 10.
f5 Bd7 11. O-O h6 12. Bf4 Ng4 13. Qd2 g5 14. Bxd6 Re8 15. Bxc5 Qa5 16. Bf2 Nxf2 17. Rxf2 Ne5 18. Nd5 Qc5 19. f6 Bf8 20. Nxe5 Rxe5 21. b4 Qd4 22. Rd1 Bc6 23. Qb2 Qxb2 24. Rxb2 a5 25. a3 axb4 26. axb4 Ra3 27. Bb1 Ra1 28. b5 Bd7 29. Ne7+ Bxe7 30. fxe7 Rxe7 31. e5 Kg7 32. h3 Be6 33. c5 Rc7 34. c6 bxc6 35. Rc1 Bf5 36.
b6 Rb7 37. g4 Bxb1 38. Rbxb1 Rxb1 39. Rxb1 Kf8 40. Kf2 Ke7 41. Ke3 Ke6 42. Ke4 c5 43. Rb5 c4 44. Kd4 Kd7 45. Kxc4 Kc6 46. Rb3 Kd7 47.
Kd5 1-0

[Event "Late-Titled-Tuesday-Blitz-May-14-2024"]
[Site "Chess.com"]
[Date "2024.05.14"]
[Round "11"]
[White "rasmussvane"]
[Black "SpeedofLight0"]
[Result "1-0"]
[WhiteElo "2995"]
[BlackElo "3018"]
[TimeControl "180+1"]
[EndTime "16:04:31 PDT"]
[Termination "rasmussvane won by checkmate"]

1. Nf3 d6 2. d4 g6 3. e4 Bg7 4.
Bd3 a6 5. O-O b5 6. a4 bxa4 7.
Rxa4 Nf6 8. Re1 O-O 9. e5 Nd5 10. Be4 c6 11. Bg5 Re8 12. exd6 Qxd6 13. Nbd2 Nb6 14. Ra3 Be6 15. c3 N8d7 16. Qa1 h6 17. Bh4 f5 18. Bg3 f4 19. Bxf4 Qxf4 20. Bxc6 Bd5 21.
Bxa8 Bxa8 22. Rxa6 g5 23. h3 h5 24. Qb1 g4 25.
Qg6 Rf8 26. Rxe7 Qf6 27. Re6 Qxg6 28. Rxg6 gxf3 29. Nxf3 Bxf3 30. gxf3 Nc4 31. Ra7 Rf7 32. b4 Nd2 33. Rd6 Nxf3+ 34. Kf1 Nf6 35. Rxf7 Kxf7 36. b5 Bf8 37. Rc6 Nd7 38. b6 Nd2+ 39. Ke2 Ne4 40. b7 Bd6 41. Ke3 Nb8 42. Kxe4 Nxc6 43. Kd5 Na5 44.
Kxd6 Nxb7+ 45. Kc7 Na5 46. d5 Nc4 47. d6 Ne5 48. d7 Nxd7 49. Kxd7 Kf6 50. c4 Ke5 51. c5 Kf4 52. c6 Kf3 53. c7 Kxf2 54. c8=Q Kg3 55.
Kd6 Kh4 56. Qf5 Kg3 57. Qxh5 Kh2 58. Qg4 Kh1 59. Ke5 Kh2 60. Ke4 Kh1 61. Kf3 Kh2 62. Qg2# 1-0

[Event "Late-Titled-Tuesday-Blitz-May-14-2024"]
[Site "Chess.com"]
[Date "2024.05.14"]
[Round "11"]
[White "rhwr"]
[Black "Jahonas"]
[Result "0-1"]
[WhiteElo "2290"]
[BlackElo "2379"]
[TimeControl "180+1"]
[EndTime "16:04:33 PDT"]
[Termination "Jahonas won on time"]

1. e4 c5 2. Be2 e6 3. f4 Nf6 4. d3 d5 5. e5 Nfd7 6. c3 Nc6 7. Nf3 Be7 8. d4 O-O 9. O-O cxd4 10. cxd4 f5 11. exf6 Nxf6 12. Nc3 Bd7 13. Kh1 a6 14. Be3 b5 15. Ne5 b4 16. Nb1 Ne4 17. Nd2 Nxe5 18.
Nxe4 dxe4 19. dxe5 Bb5 20. Bxb5 axb5 21. Qe2 Qd3 22. Qxd3 exd3 23. Rfd1 Rfd8 24. Kg1 Rd5 25. Bd2 Rc8 26. Rac1 Rc2 27. Rb1 Bc5+ 28. Kf1 g5 29. g3 gxf4 30. gxf4 Kf7 31. Ke1 Kg6 32. Rdc1 Kf5 33.
Rxc2 dxc2 34. Rc1 Bg1 35. h3 Bh2 36. Rxc2 Bxf4 37. Bxb4 Bxe5 38. Kf2 Bd4+ 39. Kf3 e5 40. b3 e4+ 41. Ke2 Rd8 42. Bc5 Rc8 43. b4 Ke6 44.
Rc1 Be5 45. Ke3 Rg8 46. Kxe4 Rg3 47. Rh1 Ra3 48. h4 Rxa2 49. h5 Re2+ 50. Kd3 Rg2 51. h6 Kd5 52. Rh5 Rg3+ 53. Ke2 Ke4 54. Bf8 Bf4 55. Rxb5 Rg2+ 56. Kf1 Kf3 57. Rf5 Rb2 58. Rxf4+ Kxf4 59. Ke1 Ke3 60. Kd1 Kd3 61. Kc1 Rf2 0-1

[Event "Late-Titled-Tuesday-Blitz-May-14-2024"]
[Site "Chess.com"]
[Date "2024.05.14"]
[Round "11"]
[White "jeetjain"]
[Black "oskariot"]
[Result "1/2-1/2"]
[WhiteElo "2590"]
[BlackElo "2771"]
[TimeControl "180+1"]
[EndTime "16:04:34 PDT"]
[Termination "Game drawn - insufficient material"]

1. Nf3 c5 2. b3 g6 3. Bb2 Nf6 4.
e3 Bg7 5. d4 cxd4 6. exd4 O-O 7. Bd3 d5 8. O-O Nc6 9. h3 Nb4 10. Be2 Bf5 11. Na3 Rc8 12. c3 Nc6 13. Nc2 Ne4 14. Ne3 Be6 15. c4 Nf6 16. c5 b6 17.
cxb6 Qxb6 18. Ne5 Rfd8 19. Nxc6 Rxc6 20. Rc1 Ne4 21. Rxc6 Qxc6 22. Qc1 Qb6 23. Rd1 Rc8 24. Qa1 Bh6 25. Bd3 Qd6 26. Bxe4 dxe4 27. d5 Bd7 28. Be5 Qb6 29. Qd4 Qxd4 30. Bxd4 f5 31. Bxa7 Ra8 32. Bc5 Rxa2 33. Bxe7 Kf7 34. Bc5 Rb2 35. b4 Bg7 36. Nc4 Rc2 37. Nd6+ Kg8 38. Nb7 f4 39. d6 Bf6 40.
Re1 e3 41. fxe3 Bc6 42. Na5 Bxg2 43. exf4 Bxh3 44. Bf2 Rd2 45. Nb7 h5 46. b5 h4 47.
b6 Bg4 48. Nc5 Rxf2 49. Kxf2 Bd4+ 50. Kg2 Bxc5 51. b7 Bxd6 52. Re8+ Kf7 53. b8=Q Bxb8 54. Rxb8 Kf6 55. Rb5 Ke6 56. Rg5 Bf5 57. Kf3 h3 58. Rg1 Kf6 59. Kg3 Ke6 60. Re1+ Kf6 61. Re5 Kf7 62. Kh4 h2 63. Re1 Be4 64. Kg5 h1=Q 65. Rxh1 Bxh1 66. f5 gxf5 67. Kxf5 1/2-1/2

[Event "Late-Titled-Tuesday-Blitz-May-14-2024"]
[Site "Chess.com"]
[Date "2024.05.14"]
[Round "11"]
[White "carloseduar100"]
[Black "geordie_derraugh"]
[Result "1-0"]
[WhiteElo "2283"]
[BlackElo "2403"]
[TimeControl "180+1"]
[EndTime "16:04:34 PDT"]
[Termination "carloseduar100 won on time"]

1. d4 Nf6 2. Bg5 e6 3. e4 h6 4.
Bxf6 Qxf6 5. c3 g5 6. Nd2 Bg7 7. Bd3 O-O 8. Qe2 c5 9. e5 Qe7 10. h4 cxd4 11. cxd4 Nc6 12. hxg5 Qxg5 13. Ngf3 Qe7 14.
Qe4 f5 15. exf6 Rxf6 16. Qh7+ Kf8 17. Ne4 Rxf3 18. gxf3 Nxd4 19. Kf1 d5 20. Nc3 Nxf3 21. Rxh6 Ng5 22. Qg6 Bxh6 23. Qxh6+ Qg7 24. Qh5 Bd7 25. Re1 e5 26. Nxd5 Bh3+ 27. Ke2 e4 28. Bc2 Qxb2 29. Qh6+ Qg7 30. Qxg7+ Kxg7 31. Rg1 Kh6 32. Rh1 Rf8 33. Ne3 Kg6 34. Rg1 Kf6 35. Nd5+ Kf5 36. Nc3 Re8 37. Ke3 Bg4 38. Nd5 Nf3 39. Rxg4 Kxg4 40.
Nf6+ Kf5 41. Nxe8 Ne5 42. Nd6+ Ke6 43. Nxb7 Nc4+ 44. Kxe4 Na3 45. Bb3+ Kd7 46. Nc5+ Kc6 47. Nd3 Nb5 48. f4 Nc3+ 49. Ke5 Kd7 50. f5 Ke7 51. f6+ Kf8 52. Nf4 a5 53. f7 1-0

[Event "Late-Titled-Tuesday-Blitz-May-14-2024"]
[Site "Chess.com"]
[Date "2024.05.14"]
[Round "11"]
[White "ChristopherYoo"]
[Black "Jospem"]
[Result "1-0"]
[WhiteElo "3024"]
[BlackElo "3023"]
[TimeControl "180+1"]
[EndTime "16:04:35 PDT"]
[Termination "ChristopherYoo won on time"]

1. e4 c5 2. Nf3 d6 3. d4 cxd4 4. Nxd4 Nf6 5. Nc3 a6 6. Bg5 e6 7. f4 h6 8. Bh4 Nbd7 9. Qe2 e5 10. fxe5 dxe5 11. O-O-O exd4 12. e5 Be7 13. exf6 Nxf6 14.
Bxf6 gxf6 15. Qe4 f5 16. Qe5 O-O 17. Nd5 Bg5+ 18. Kb1 Re8 19. Qxd4 Re4 20. Qf2 Be6 21. c4 Rf4 22. Qc2 Bxd5 23. Rxd5 Qb6 24. c5 Qe6 25. Bc4 Qe4 26. Qxe4 fxe4 27. Re1 Re8 28. Rd7 e3 29. Bd3 Rf2 30. Re2 Re5 31. b4 Re4 32. a3 Ref4 33.
Kc2 Rxe2+ 34. Bxe2 Rf2 35. Kd3 Rxg2 36. Rxb7 Rg1 37.
Rb6 Ra1 38. Rxa6 Ra2 39. Ra8+ Kg7 40. Bg4 Rd2+ 41. Kc3 f5 42. Bh5 Rxh2 43. c6 Rxh5 44. c7 e2 45. Re8 Rh1 46. Rxe2 Rc1+ 47. Rc2 Bf6+ 48. Kb3 Rb1+ 49. Ka4 Be5 50. c8=Q Rf1 51. Qe6 Bf6 52. Rc6 Bg5 53. Qd7+ 1-0

[Event "Late-Titled-Tuesday-Blitz-May-14-2024"]
[Site "Chess.com"]
[Date "2024.05.14"]
[Round "11"]
[White "Msb2"]
[Black "GMBenjaminBok"]
[Result "1-0"]
[WhiteElo "3086"]
[BlackElo "3062"]
[TimeControl "180+1"]
[EndTime "16:04:36 PDT"]
[Termination "Msb2 won on time"]

1. d4 Nf6 2. c4 e6 3. Nc3 Bb4 4. e3 O-O 5. Bd2 b6 6. Nf3 d5 7. cxd5 exd5 8. Rc1 Bb7 9. Bd3 Re8 10. Ne5 Bf8 11. f4 c5 12. g4 Nc6 13. g5 Ne4 14. Nxe4 dxe4 15. Bb5 Nxd4 16. exd4 e3 17. Bxe3 cxd4 18. Bxe8 Qxe8 19. O-O dxe3 20. Qd7 Qxd7 21. Nxd7 Rd8 22. Rc7 Bc8 23. Nxf8 Kxf8 24. Re1 Re8 25. Rc3 e2 26. Kf2 Bg4 27. h3 Bh5 28. Rc7 g6 29. Rxa7 Re4 30. Rb7 Rxf4+ 31. Ke3 Rf1 32. Kd2 Rf5 33.
Rxb6 Rd5+ 34. Ke3 Re5+ 35. Kd4 Rxg5 36. a4 Rf5 37. Kc3 Rd5 38. Rb8+ Ke7 39. Rb5 Rd1 40. Re5+ Kd6 41. R1xe2 Bxe2 42. Rxe2 f5 43. a5 g5 44. b4 Ra1 45. Kb2 Ra4 46. Kb3 Ra1 47. Rd2+ Kc6 48. Kb2 Ra4 49. Rd4 f4 50. b5+ Kxb5 51. Rxa4 Kxa4 52.
a6 f3 53. a7 Kb4 54. a8=Q f2 55. Qg2 1-0

[Event "Late-Titled-Tuesday-Blitz-May-14-2024"]
[Site "Chess.com"]
[Date "2024.05.14"]
[Round "11"]
[White "only_strong_moves"]
[Black "betta2004"]
[Result "0-1"]
[WhiteElo "2663"]
[BlackElo "2574"]
[TimeControl "180+1"]
[EndTime "16:04:36 PDT"]
[Termination "betta2004 won on time"]

1. Nc3 e5 2. Nf3 Nc6 3. d4 exd4 4. Nxd4 Nf6 5. Bg5 Bb4 6. Nxc6 bxc6 7. Qd4 Be7 8. e4 d6 9. Bd3 h6 10. Bh4 c5 11.
Qe3 Ng4 12. Bxe7 Qxe7 13. Qe2 Ne5 14. Bb5+ c6 15. Ba4 O-O 16. f4 Ng6 17. O-O Rb8 18.
Bxc6 Rxb2 19. Nd5 Qd8 20. Ba4 Rb8 21. Bb3 Be6 22. Rad1 Bxd5 23. Rxd5 Qf6 24. Qg4 Kh7 25. Rf5 Qd4+ 26. Kh1 c4 27. Ba4 Qxe4 28. Ra5 Rb2 29.
Bd7 Qxc2 30. Bf5 Qe2 31. Qxe2 Rxe2 32. Rxa7 d5 33. Rc7 Kg8 34. g3 Ne7 35. Bg4 Re3 36. Kg2 Ra8 37. Kf2 d4 38. Rxc4 Rxa2+ 39. Kg1 d3 40. Rd4 Nc6 41. Rd6 Nb4 42. Rd1 g6 43. Rd4 Rb2 44. Kf1 h5 45. Bd7 Ree2 46. Bb5 Rf2+ 47.
Kg1 Rg2+ 48. Kf1 Rxh2 49. Kg1 Rhg2+ 50. Kf1 Rxg3 0-1

[Event "Late-Titled-Tuesday-Blitz-May-14-2024"]
[Site "Chess.com"]
[Date "2024.05.14"]
[Round "11"]
[White "RianKapriaga"]
[Black "urano56"]
[Result "0-1"]
[WhiteElo "2294"]
[BlackElo "2437"]
[TimeControl "180+1"]
[EndTime "16:04:37 PDT"]
[Termination "urano56 won by resignation"]

1. d4 Nf6 2. Nf3 g6 3. c4 Bg7 4.
Nc3 O-O 5. Bg5 c5 6. d5 h6 7. Bh4 Qa5 8. Qd2 a6 9. e3 d6 10. Bd3 b5 11. cxb5 axb5 12. Bxf6 Bxf6 13. O-O c4 14. Bc2 Ba6 15. Ne4 Qxd2 16. Nxf6+ exf6 17. Nxd2 Nd7 18. Rfc1 Nb6 19. Ne4 Nxd5 20. Rd1 Nb4 21.
Bb1 Rad8 22. a3 Nc6 23. Bc2 Kg7 24. Rxd6 Rxd6 25. Nxd6 Rd8 26. Rd1 Kf8 27. f3 f5 28.
e4 Ke7 29. Nxf5+ gxf5 30. Rxd8 Kxd8 31. exf5 Ke7 32. Kf2 Nd4 33. Bb1 Kf6 34. g4 Bb7 35. f4 Nb3 36. Ke3 Ke7 37. h4 f6 38. g5 hxg5 39.
fxg5 fxg5 40. hxg5 Nc5 41. Kd4 Nd7 42. f6+ Ke6 43. Bc2 Bc6 44. Bd1 Kf5 45. Bg4+ Kxg4 46. g6 Nxf6 47. Kc5 Be8 48. g7 Kg5 49. a4 bxa4 50.
Kxc4 Kg6 51. b3 Bf7+ 52. Kb4 axb3 0-1

[Event "Late-Titled-Tuesday-Blitz-May-14-2024"]
[Site "Chess.com"]
[Date "2024.05.14"]
[Round "11"]
[White "guineo59"]
[Black "chess_sharparchitect"]
[Result "0-1"]
[WhiteElo "2228"]
[BlackElo "2364"]
[TimeControl "180+1"]
[EndTime "16:04:37 PDT"]
[Termination "chess_sharparchitect won by resignation"]

1. d4 Nf6 2. Nf3 d5 3. c4 e6 4. cxd5 exd5 5. Nc3 c6 6. Bg5 h6 7. Bh4 Bf5 8. Qb3 g5 9. Bg3 Qb6 10. e3 Qxb3 11. axb3 Nbd7 12. h4 g4 13. Ne5 Bb4 14. Nd3 Be7 15. Be2 h5 16. Bf4 Ne4 17. f3 Nef6 18.
Bg5 Rg8 19. Nf4 Bg6 20. Nxg6 Rxg6 21. Bd3 Rg8 22. Ne2 Nf8 23. Kf2 Ne6 24. Bxf6 Bxf6 25. Bf5 gxf3 26. gxf3 Ke7 27. Ng3 Ng7 28. Bh7 Rh8 29. Bd3 Kd6 30. b4 a6 31. Ne2 Kc7 32. e4 dxe4 33. fxe4 Be7 34. Ra4 Ne6 35. Ke3 Rhg8 36. e5 b5 37. Raa1 Bxb4 38. Be4 a5 39.
Rhc1 Ra6 40. d5 Nc5 41. d6+ Kd8 42. Bf5 Rg2 43. Nf4 Bd2+ 44. Kf3 Bxc1 45. Nxg2 Bxb2 46. Rg1 Bxe5 47. Rd1 Ne6 48. Ne3 c5 49. d7 Nd4+ 50.
Ke4 Bg3 51. Rg1 Nxf5 52. Nxf5 Bf2 53. Rd1 Bd4 54. Nxd4 cxd4 55. Rxd4 Ra7 56. Rd5 b4 0-1

[Event "Late-Titled-Tuesday-Blitz-May-14-2024"]
[Site "Chess.com"]
[Date "2024.05.14"]
[Round "11"]
[White "ATM622"]
[Black "albayo"]
[Result "0-1"]
[WhiteElo "2545"]
[BlackElo "2429"]
[TimeControl "180+1"]
[EndTime "16:04:38 PDT"]
[Termination "albayo won by resignation"]

1. d4 d5 2. c4 e6 3. Nf3 c6 4.
Nbd2 Nd7 5. g3 f5 6. Bg2 Ngf6 7. O-O Bd6 8. Qc2 O-O 9. b3 Ne4 10. Bb2 a5 11. Ne1 a4 12. Nd3 a3 13. Bc1 Qe7 14.
c5 Bc7 15. b4 e5 16. e3 f4 17. exf4 exd4 18. Re1 Qf7 19. Nxe4 dxe4 20. Bxe4 Nf6 21. Bg2 Bf5 22. Bd2 Qg6 23. Bf1 Nd5 24. Qc4 Rad8 25. Ne5 Bxe5 26. Rxe5 Kh8 27. b5 Nf6 28. Rae1 Ng4 29.
Re7 Qh5 30. h4 cxb5 31. Qe2 d3 32. Qf3 Bc8 33. Bc3 Rg8 34. Bxd3 Qxc5 35. Ba1 Nxf2 36. Qxf2 Qxf2+ 37. Kxf2 Rxd3 38. Rxg7 Rd2+ 39. Kg1 Rxa2 40. Be5 Rxg7 41. Rd1 h5 42. f5 Bxf5 43. Rf1 Kh7 44. Rxf5 Re7 45. Rxh5+ Kg6 46. Rg5+ Kf7 47. h5 Rxe5 48.
Rxe5 b4 49. Rb5 Rb2 50. Rxb7+ Kg8 51. g4 a2 52. Ra7 Rb1+ 53. Kg2 a1=Q 54. Rxa1 Rxa1 0-1

[Event "Late-Titled-Tuesday-Blitz-May-14-2024"]
[Site "Chess.com"]
[Date "2024.05.14"]
[Round "11"]
[White "StoreySniper"]
[Black "frederiksvane"]
[Result "0-1"]
[WhiteElo "2564"]
[BlackElo "2956"]
[TimeControl "180+1"]
[EndTime "16:04:39 PDT"]
[Termination "frederiksvane won on time"]

1. e4 c5 2. Nf3 d6 3. d4 cxd4 4. Nxd4 Nf6 5. f3 Nc6 6. c4 e5 7. Nc2 Be6 8. Nc3 g6 9. Be3 a6 10. Qd2 Bg7 11. Be2 O-O 12. O-O Nh5 13. Nd5 Bxd5 14.
cxd5 Ne7 15. Rfc1 f5 16. Na3 Nf6 17. Qd3 b5 18. Nc2 Qd7 19. Nb4 Nh5 20. Nc6 Nf4 21.
Qd1 Rac8 22. Nb4 a5 23. Nc6 Nxe2+ 24. Qxe2 Nxc6 25. dxc6 Rxc6 26. Rxc6 Qxc6 27. Rc1 Qd7 28. Bb6 fxe4 29. Qxe4 d5 30. Qe3 Rc8 31. Rxc8+ Qxc8 32.
Bxa5 Qc2 33. Qa7 Bf8 34. Qa8 Kg7 35. b4 Qb1+ 36. Kf2 Qxa2+ 37. Kg3 Qc4 38. Qe8 Qf4+ 39. Kf2 Qd4+ 40. Kg3 Qf4+ 41. Kf2 Kh6 42. Bb6 d4 43. g3 Qe3+ 44. Kg2 Qe2+ 45. Kh3 Qxf3 46. Qxe5 Qf5+ 47.
Qxf5 gxf5 48. Bxd4 Bxb4 49. g4 Kg6 50. gxf5+ Kxf5 51.
Kg2 Ke4 52. Bf6 Kd3 53. Kf3 Bc5 0-1

[Event "Late-Titled-Tuesday-Blitz-May-14-2024"]
[Site "Chess.com"]
[Date "2024.05.14"]
[Round "11"]
[White "N_Mullodzhanov"]
[Black "NCchamp"]
[Result "1-0"]
[WhiteElo "2544"]
[BlackElo "2303"]
[TimeControl "180+1"]
[EndTime "16:04:39 PDT"]
[Termination "N_Mullodzhanov won by checkmate"]

1. e4 c6 2. Nc3 d5 3. Nf3 dxe4 4. Nxe4 Nf6 5. Ng3 Bg4 6. h3 Bxf3 7. Qxf3 Nbd7 8. d4 e6 9. c3 Be7 10. Bd3 a5 11. Ne4 Nxe4 12. Qxe4 Nf6 13. Qe2 Qd5 14. O-O a4 15. a3 O-O 16. Bf4 Qd7 17. Be5 Qd8 18. Qf3 Nd7 19. Bf4 Ra5 20. Qg3 Bh4 21. Qg4 e5 22. dxe5 Nxe5 23. Bxe5 Rxe5 24. Rad1 Qe7 25. Qxa4 Re8 26. g3 Bf6 27. h4 Qc7 28.
Qf4 Qb6 29. Qd2 Qc7 30. Rfe1 g6 31. Kg2 Kg7 32. Rxe5 Rxe5 33. Re1 Qb6 34. Bc4 Qc7 35. Rxe5 Bxe5 36. h5 h6 37. hxg6 fxg6 38. Qe3 b5 39. Ba2 c5 40. Bd5 Qd6 41. Qf3 Qe7 42. Qe4 Qd6 43.
c4 b4 44. axb4 cxb4 45. b3 Bf6 46. Qe3 Be5 47. f4 Bc3 48. Qe8 Qf8 49. Qd7+ Kh8 50. Kf3 Qf6 51. Qe8+ Kh7 52. Qg8# 1-0

[Event "Late-Titled-Tuesday-Blitz-May-14-2024"]
[Site "Chess.com"]
[Date "2024.05.14"]
[Round "11"]
[White "schondeln"]
[Black "VictorFcQNK"]
[Result "0-1"]
[WhiteElo "2326"]
[BlackElo "2155"]
[TimeControl "180+1"]
[EndTime "16:04:39 PDT"]
[Termination "VictorFcQNK won by checkmate"]

1. e4 e6 2. d4 d5 3. exd5 exd5 4. Nf3 Bd6 5. c4 Nf6 6. Nc3 O-O 7. cxd5 Nbd7 8. Be2 h6 9. O-O Nb6 10. Ne5 Nbxd5 11. Bf3 Be6 12. Re1 c6 13. Bd2 Qc7 14.
Qc2 Nb4 15. Qb1 Rae8 16. a3 Na6 17. Qd3 Rd8 18. Qe2 Qc8 19. Bf4 Nc7 20. Rac1 Rfe8 21. Qf1 Ncd5 22. Nxd5 Nxd5 23. Bg3 Ne7 24. Rcd1 Nf5 25.
Bf4 Bb3 26. Rd2 Bc7 27. Bg4 Ba5 28.
Qd3 Bxd2 29. Bxf5 Be6 30. Bxe6 Qxe6 31. Qxd2 f6 32. Nf3 Qf7 33. Rxe8+ Rxe8 34. h4 g5 35.
hxg5 hxg5 36. Bg3 Kg7 37. Qd3 Rh8 38. b3 Qh5 39. Kf1 Qh1+ 40. Ke2 Re8+ 41. Kd2 Qa1 42. a4 Qb2+ 43. Kd1 Qa1+ 44. Kc2 Qa2+ 45. Kc3 Qa1+ 46. Kb4 b6 47. d5 a5+ 48. Kc4 Qc1+ 49. Qc3 Re4+ 50. Nd4 Qf1+ 51. Qd3 Qc1+ 52. Qc3 Qf1+ 53. Qd3 Qc1+ 54. Qc2 Qxc2# 0-1

[Event "Late-Titled-Tuesday-Blitz-May-14-2024"]
[Site "Chess.com"]
[Date "2024.05.14"]
[Round "11"]
[White "Magicmaster17"]
[Black "lamomiajunior"]
[Result "0-1"]
[WhiteElo "2884"]
[BlackElo "2801"]
[TimeControl "180+1"]
[EndTime "16:04:40 PDT"]
[Termination "lamomiajunior won by checkmate"]

1. c4 Nf6 2. Nc3 g6 3. e4 d6 4. Nf3 Bg7 5. d4 O-O 6. Be2 e5 7.
d5 Nbd7 8. Bg5 a6 9. Nd2 Qe8 10. O-O h6 11. Be3 Nh7 12. b4 f5 13. f3 f4 14. Bf2 g5 15. c5 h5 16. Nc4 Qg6 17.
Kh1 a5 18. cxd6 cxd6 19. Nb5 g4 20. Ncxd6 g3 21. Bg1 Ndf6 22. Nc7 Bh3 23. Ne6 h4 24. Nf5 Rf7 25. Re1 Ng5 26. Bf1 gxh2 27. Bxh2 Bxf5 28. exf5 Qxf5 29. Bd3 e4 30. fxe4 Ngxe4 31. Qf3 Nf2+ 32.
Qxf2 Qxd3 33. Rad1 Ng4 34. Qxh4 Qg6 35. Nxf4 Qf5 36. Nh3 Bf6 37. Qg3 Rg7 38. Qd3 Qh5 39.
d6 Qxh3 40. Qxh3 Nf2+ 41. Kg1 Nxh3+ 42. Kf1 Ng5 43. bxa5 Bc3 44. Re3 Bxa5 45. d7 Bd8 46. Re8+ Kf7 47. Be5 Rg6 48. Rc1 Ne6 49. Rc8 Rxa2 50.
g3 Rg5 51. Bc7 Rd5 52. Bxd8 Rd1# 0-1

[Event "Late-Titled-Tuesday-Blitz-May-14-2024"]
[Site "Chess.com"]
[Date "2024.05.14"]
[Round "11"]
[White "MuhittinBuker"]
[Black "egnfanclub"]
[Result "0-1"]
[WhiteElo "2231"]
[BlackElo "2368"]
[TimeControl "180+1"]
[EndTime "16:04:40 PDT"]
[Termination "egnfanclub won by resignation"]

1. d4 d5 2. c4 c6 3. Nc3 Nf6 4. cxd5 cxd5 5. Nf3 Nc6 6. Bg5 Ne4 7. Bf4 e6 8. e3 Bb4 9. Qc2 Qa5 10. Rc1 Qxa2 11. Bd3 Nxc3 12. bxc3 Qxc2 13. Rxc2 Ba5 14. Ke2 f6 15.
Ra1 g5 16. Bd6 Bd7 17. c4 Bb4 18. Bg3 h5 19. h4 Be7 20. c5 Kf7 21. Rb2 b6 22. cxb6 axb6 23. Rxa8 Rxa8 24. Rxb6 Ra2+ 25. Kf1 g4 26. Ne1 Nb4 27. Bh7 Ra1 28. Rb7 Bc6 29.
Bg6+ Kxg6 30. Rxe7 Bb5+ 31. Kg1 Rxe1+ 32. Kh2 Kf5 33.
Rh7 Kg6 34. Re7 Bd3 35. Rxe6 Be4 36. Be5 Re2 37. Kg3 Nd3 38. Rxf6+ Kh7 39. Bd6 Re1 40. Kh2 Rf1 41. Bg3 Ne1 42. f3 gxf3 43.
Bxe1 fxg2 44. Bf2 Rh1+ 45. Kg3 g1=Q+ 46. Bxg1 Rxg1+ 47. Kf2 Rg2+ 48. Ke1 Rg4 49. Kf2 Rxh4 50. Rf7+ Kg6 51. Rf8 Rh2+ 52. Kf1 h4 53. Rg8+ Kf7 54. Rh8 h3 55. Rh4 Rh1+ 56. Kf2 Bg2 0-1

[Event "Late-Titled-Tuesday-Blitz-May-14-2024"]
[Site "Chess.com"]
[Date "2024.05.14"]
[Round "11"]
[White "nabukatnezarr"]
[Black "Kosak12"]
[Result "1-0"]
[WhiteElo "2650"]
[BlackElo "2764"]
[TimeControl "180+1"]
[EndTime "16:04:41 PDT"]
[Termination "nabukatnezarr won by checkmate"]

1. b3 g6 2. Bb2 Nf6 3. g3 Bg7 4.
Bg2 O-O 5. Nf3 c5 6. O-O d6 7. c4 e5 8. Nc3 Nc6 9. Ne1 h5 10. Nc2 h4 11. Ne3 Be6 12. Ned5 Ne8 13. d3 f5 14. f4 Nf6 15. Nxf6+ Bxf6 16. Bd5 Qd7 17. Bxe6+ Qxe6 18. Nd5 Rf7 19. e3 Re8 20. Qd2 Bd8 21. Rae1 Ba5 22. Bc3 Bxc3 23. Qxc3 Rh7 24. Rf2 a5 25. a3 Rf7 26. gxh4 Rh7 27. Rg2 Kf8 28. Kh1 Qf7 29. Reg1 Re6 30. Qe1 Rh6 31. Rg5 Qh7 32. Qg3 Rxh4 33. Nc7 Rf6 34. Nd5 Re6 35.
fxe5 Nxe5 36. Nf4 Rf6 37. Rg2 Ng4 38. h3 Qh6 39. Rxg6 Rxg6 40. Nxg6+ Qxg6 41. Qxh4 Qg7 42. hxg4 Qa1+ 43. Kh2 Qe5+ 44. Qg3 Qh8+ 45. Kg1 Qa1+ 46. Kh2 Qh8+ 47. Qh3 Qe5+ 48. Kh1 Qa1+ 49. Rg1 Qb2 50. gxf5 Qe2 51. Qh6+ Ke8 52. Qg6+ Kd7 53.
Qe6+ Kc6 54. Qd5+ Kb6 55. Qxd6+ Ka7 56. Qxc5+ b6 57. Rg7+ Ka6 58. Qb5# 1-0

[Event "Late-Titled-Tuesday-Blitz-May-14-2024"]
[Site "Chess.com"]
[Date "2024.05.14"]
[Round "11"]
[White "Supelyel"]
[Black "ZachHKL"]
[Result "0-1"]
[WhiteElo "2428"]
[BlackElo "2335"]
[TimeControl "180+1"]
[EndTime "16:04:43 PDT"]
[Termination "ZachHKL won by resignation"]

1. c4 Nf6 2. Nc3 c6 3. Nf3 d5 4. cxd5 cxd5 5. d4 Nc6 6. Bf4 a6 7. e3 Bg4 8. h3 Bh5 9. Bd3 e6 10.
Qb3 Na5 11. Qc2 Bg6 12. Ne5 Bxd3 13. Nxd3 Rc8 14. O-O Bd6 15. Bxd6 Qxd6 16. Qa4+ Nc6 17. Nc5 Rc7 18. Rac1 O-O 19. Rfd1 Ne7 20. Qa5 Rfc8 21. a4 h5 22. Qb4 Nf5 23. a5 Nd7 24. N3a4 Nxc5 25.
Nxc5 h4 26. Qd2 Qe7 27. b4 Nd6 28. Qe2 Nf5 29. Rc2 g6 30. Rdc1 Kg7 31. Qg4 Rc6 32.
Qf4 Qc7 33. Qxc7 R8xc7 34. Kf1 Nd6 35. Ke2 Nc4 36. Rxc4 dxc4 37. Rxc4 b6 38. axb6 Rxb6 39. Kd3 Rcc6 40. Kc3 Rb5 41. e4 a5 42. bxa5 Rxa5 43. Nb3 Rxc4+ 44. Kxc4 Ra2 45. d5 exd5+ 46. exd5 Rxf2 47.
d6 Kf8 48. Nc5 Ke8 49. Kd5 Rd2+ 50. Kc6 Rxg2 51. d7+ Ke7 52. Nb7 Rc2+ 53. Nc5 Rxc5+ 54. Kxc5 Kxd7 55. Kd5 Ke7 56. Ke5 f6+ 57. Kd5 g5 58. Kd4 Kf7 59. Ke4 Kg6 60. Kf3 f5 61. Ke3 Kf6 62. Kf3 Ke5 63. Ke3 f4+ 64. Kf3 Kf5 65. Kf2 Ke4 66. Kg2 f3+ 67. Kf2 Kf4 68. Kf1 Kg3 69.
Kg1 Kxh3 70. Kf1 Kg3 71. Kg1 g4 0-1

[Event "Late-Titled-Tuesday-Blitz-May-14-2024"]
[Site "Chess.com"]
[Date "2024.05.14"]
[Round "11"]
[White "HajiyevKanan"]
[Black "BabageldiAnnaberdiyev"]
[Result "1-0"]
[WhiteElo "2461"]
[BlackElo "2552"]
[TimeControl "180+1"]
[EndTime "16:04:48 PDT"]
[Termination "HajiyevKanan won on time"]

1. d4 e6 2. Nf3 d5 3. c4 f5 4.
cxd5 exd5 5. Nc3 Nf6 6. Bf4 Bd6 7.
Bxd6 Qxd6 8. e3 c6 9. Bd3 Ne4 10.
Ne5 O-O 11. f3 Nxc3 12. bxc3 Nd7 13. f4 Nf6 14. O-O Bd7 15. Qc2 g6 16. c4 dxc4 17.
Bxc4+ Be6 18. Rab1 Rab8 19. a4 Kg7 20. Bd3 Nd5 21.
Rfe1 Nb4 22. Qc3 a5 23. Qc5 Qxc5 24. dxc5 Rbd8 25. Bf1 Rd5 26. Rbc1 Rfd8 27. Bc4 Rxe5 28. fxe5 Bxc4 29. Rxc4 Rd5 30. e6 Re5 31. e4 f4 32.
h4 Kf6 33. Rf1 g5 34. hxg5+ Kxg5 35. e7 Rxe7 36. e5 Rxe5 37. Rfxf4 Nd3 38. Rf7 Nxc5 39. Rxh7 Kg6 40. Rch4 Rg5 41. Kh2 Kf6 42. Kh3 Rg6 43. Rf4+ Ke6 44. g4 b5 45. axb5 cxb5 46. Rf5 Kd6 47.
Rh8 b4 48. Rc8 Nb7 49. Rb5 Rg7 50. g5 b3 51. Rxb3 a4 52. Rd3+ Ke5 53. Kg4 Nd6 54. Rc5+ Ke6 55. Rc6 Rd7 56. Ra6 Ke5 57.
Rxa4 Rb7 58. Ra5+ Ke6 59. Ra6 Rd7 60. g6 1-0